TOP OF THE 1ST |
Iowa Hawkeyes batting - Pitching for Kansas Jayhawks : RHP Duane Deal
|
Pitching: RHP Duane Deal
|
|
Batting: RHB Rick Suárez
|
0-0: Ground out 6-3 (Groundball, 6)
|
Batting: RHB Mike Russell
|
0-0: Foul Ball, location: 2F 0-1: Ball 1-1: Hit by Pitch
|
Pinch Runner at 1st Cory Thompson:
|
|
Batting: RHB Kelsey Scott
|
0-0: Ball 1-0: Fielders Choice at 2nd, 6-4 (Groundball, 6M)
|
Batting: RHB Juan Escalante
|
0-0: Ball 1-0: Swinging Strike 1-1: Ball 2-1: Swinging Strike 2-2: Strikes out swinging, 2-3 out at first.
|
Top of the 1st over - 0 run(s), 0 hit(s), 0 error(s), 1 left on base; Iowa 0 - Kansas 0 |
BOTTOM OF THE 1ST |
Kansas Jayhawks batting - Pitching for Iowa Hawkeyes : RHP Eduardo Morales
|
Pitching: RHP Eduardo Morales
|
|
Batting: RHB George Gardner
|
0-0: Ball 1-0: Called Strike 1-1: Ball 2-1: Swinging Strike 2-2: Strikes out swinging
|
Batting: LHB Francisco Blanco
|
0-0: Ball 1-0: Ball 2-0: Ball 3-0: Called Strike 3-1: Base on Balls
|
Batting: RHB Robbie Jenkins
|
0-0: Ball Francisco Blanco is caught stealing 2nd base 1-0: Ball 2-0: Ball 3-0: Called Strike 3-1: Base on Balls
|
Batting: LHB Victor Stuart
|
0-0: Ball Wild Pitch! Robbie Jenkins to second 1-0: Called Strike 1-1: Foul Ball, location: 2F 1-2: Strikes out looking
|
Bottom of the 1st over - 0 run(s), 0 hit(s), 0 error(s), 1 left on base; Iowa 0 - Kansas 0 |
TOP OF THE 2ND |
Iowa Hawkeyes batting - Pitching for Kansas Jayhawks : RHP Duane Deal
|
Batting: RHB Jim Jones
|
0-0: Ground out 6-3 (Groundball, 6)
|
Batting: RHB Stephen Spence
|
0-0: Ball 1-0: Called Strike 1-1: Called Strike 1-2: Strikes out looking
|
Batting: RHB Ed Nygaard
|
0-0: Called Strike 0-1: Foul Ball, location: 2F 0-2: Ball 1-2: Hit by Pitch
|
Batting: RHB Miguel López
|
0-0: Ball Ed Nygaard is caught stealing 2nd base
|
Top of the 2nd over - 0 run(s), 0 hit(s), 0 error(s), 0 left on base; Iowa 0 - Kansas 0 |
BOTTOM OF THE 2ND |
Kansas Jayhawks batting - Pitching for Iowa Hawkeyes : RHP Eduardo Morales
|
Batting: RHB Johnny Hawson
|
0-0: Ground out 5-3 (Groundball, 5S)
|
Batting: RHB Cordell Grady
|
0-0: Called Strike 0-1: Ground out 6-3 (Groundball, 6M)
|
Batting: RHB Dave Warren
|
0-0: Called Strike 0-1: Ball 1-1: Foul Ball, location: 2F 1-2: SOLO HOME RUN (Flyball, 78XD), Distance : 363 ft
|
Batting: RHB Jason Green
|
0-0: Swinging Strike 0-1: Bunted foul 0-2: Ball 1-2: Ground out 6-3 (Groundball, 6MS)
|
Bottom of the 2nd over - 1 run(s), 1 hit(s), 0 error(s), 0 left on base; Iowa 0 - Kansas 1 |
TOP OF THE 3RD |
Iowa Hawkeyes batting - Pitching for Kansas Jayhawks : RHP Duane Deal
|
Batting: RHB Miguel López
|
0-0: SINGLE (Line Drive, 89S)
|
Batting: RHB Jim Sharry
|
Pickoff Throw to First - Error! E1 Miguel López to second 0-0: Called Strike 0-1: Ball 1-1: DOUBLE (Line Drive, 7LM) Miguel López scores
|
Batting: RHB Rick Suárez
|
0-0: Ball 1-0: Ball 2-0: Ball 3-0: Called Strike 3-1: TRIPLE (Line Drive, 8LD) Jim Sharry scores
|
Batting: RHB Cory Thompson
|
0-0: 2-RUN HOME RUN (Flyball, 7D), Distance : 359 ft
|
Batting: RHB Kelsey Scott
|
0-0: Ball 1-0: Ball 2-0: Fly out, F8 (Line Drive, 8LXD)
|
Batting: RHB Juan Escalante
|
0-0: Foul Ball, location: 2F 0-1: Ball 1-1: Foul Ball, location: 2F 1-2: Ground out 6-3 (Groundball, 6)
|
Batting: RHB Jim Jones
|
0-0: Called Strike 0-1: Called Strike 0-2: Foul Ball, location: 2F 0-2: Ball 1-2: Ball 2-2: Foul Ball, location: 2F 2-2: Strikes out looking
|
Top of the 3rd over - 4 run(s), 4 hit(s), 1 error(s), 0 left on base; Iowa 4 - Kansas 1 |
BOTTOM OF THE 3RD |
Kansas Jayhawks batting - Pitching for Iowa Hawkeyes : RHP Eduardo Morales
|
Batting: LHB Tracy Bell
|
0-0: Fly out, F6 (Popup, 56D)
|
Batting: RHB George Gardner
|
0-0: Called Strike 0-1: Ball 1-1: Ball 2-1: Foul Ball, location: 2F 2-2: Ball 3-2: Base on Balls
|
Batting: LHB Francisco Blanco
|
0-0: Ball 1-0: Called Strike 1-1: Ball 2-1: Swinging Strike 2-2: Foul Ball, location: 2F 2-2: SINGLE (Flyball, 78S) George Gardner to second
|
Batting: RHB Robbie Jenkins
|
0-0: Ball George Gardner is caught stealing 3rd base Francisco Blanco to second 1-0: Foul Ball, location: 2F 1-1: Ball 2-1: Foul Ball, location: 2F 2-2: Strikes out swinging
|
Bottom of the 3rd over - 0 run(s), 1 hit(s), 0 error(s), 1 left on base; Iowa 4 - Kansas 1 |
TOP OF THE 4TH |
Iowa Hawkeyes batting - Pitching for Kansas Jayhawks : RHP Duane Deal
|
Batting: RHB Stephen Spence
|
0-0: Foul Ball, location: 2F 0-1: Ball 1-1: DOUBLE (Line Drive, 7LM)
|
Batting: RHB Ed Nygaard
|
0-0: Called Strike 0-1: Ball 1-1: Ball 2-1: Swinging Strike 2-2: Foul Ball, location: 2F 2-2: Foul Ball, location: 2F 2-2: Strikes out looking
|
Batting: RHB Miguel López
|
0-0: Ground out 6-3 (Groundball, 6M) Stephen Spence to third
|
Batting: RHB Jim Sharry
|
0-0: Swinging Strike 0-1: Ball 1-1: Foul Ball, location: 2F 1-2: Foul Ball, location: 2F 1-2: Ground out 6-3 (Groundball, 6)
|
Top of the 4th over - 0 run(s), 1 hit(s), 0 error(s), 1 left on base; Iowa 4 - Kansas 1 |
BOTTOM OF THE 4TH |
Kansas Jayhawks batting - Pitching for Iowa Hawkeyes : RHP Eduardo Morales
|
Batting: LHB Victor Stuart
|
0-0: Ball 1-0: Called Strike 1-1: Called Strike 1-2: Fly out, F7 (Flyball, 7S)
|
Batting: RHB Johnny Hawson
|
0-0: Ball 1-0: Called Strike 1-1: Ball 2-1: Fly out, F7 (Flyball, 78M)
|
Batting: RHB Cordell Grady
|
0-0: Ball 1-0: Ball 2-0: Ball 3-0: Called Strike 3-1: Called Strike 3-2: Foul Ball, location: 2F 3-2: Foul Ball, location: 2F 3-2: Base on Balls
|
Batting: RHB Dave Warren
|
0-0: Foul Ball, location: 2F 0-1: Ball 1-1: Ball 2-1: SINGLE (Line Drive, 4MD) Cordell Grady to second
|
Pitching: LHP Leonardo Canó
|
|
Batting: RHB Jason Green
|
0-0: Called Strike 0-1: Ball 1-1: Swinging Strike 1-2: Ball 2-2: Strikes out looking
|
Bottom of the 4th over - 0 run(s), 1 hit(s), 0 error(s), 2 left on base; Iowa 4 - Kansas 1 |
TOP OF THE 5TH |
Iowa Hawkeyes batting - Pitching for Kansas Jayhawks : RHP Duane Deal
|
Batting: RHB Rick Suárez
|
0-0: Ball 1-0: Swinging Strike 1-1: Ball 2-1: Foul Ball, location: 2F 2-2: Foul Ball, location: 2F 2-2: Ball 3-2: Base on Balls
|
Batting: RHB Cory Thompson
|
0-0: Foul Ball, location: 2F 0-1: Foul Ball, location: 2F 0-2: Ball 1-2: Strikes out looking
|
Pitching: LHP Lyle Quick
|
|
Batting: RHB Kelsey Scott
|
0-0: Grounds into double play, 4-6-3 (Groundball, 4)
|
Top of the 5th over - 0 run(s), 0 hit(s), 0 error(s), 0 left on base; Iowa 4 - Kansas 1 |
BOTTOM OF THE 5TH |
Kansas Jayhawks batting - Pitching for Iowa Hawkeyes : LHP Leonardo Canó
|
Batting: LHB Tracy Bell
|
0-0: Swinging Strike 0-1: SINGLE (Groundball, 5S) (infield hit)
|
Batting: RHB George Gardner
|
0-0: Called Strike 0-1: Ball 1-1: Ball 2-1: Called Strike 2-2: Foul Ball, location: 2F 2-2: Ball 3-2: Ground out 6-3 (Groundball, 6S) Tracy Bell to second
|
Batting: LHB Francisco Blanco
|
0-0: Foul Ball, location: 2F 0-1: Ball 1-1: Swinging Strike 1-2: SINGLE (Groundball, 4M) (infield hit) Tracy Bell to third
|
Batting: RHB Robbie Jenkins
|
0-0: Ball 1-0: Ball 2-0: Ball 3-0: Called Strike 3-1: Foul Ball, location: 2F 3-2: Foul Ball, location: 2F 3-2: 3-RUN HOME RUN (Flyball, 78XD), Distance : 373 ft
|
Pitching: RHP Pedro Castillo
|
|
Batting: LHB Victor Stuart
|
0-0: Ball 1-0: Ball 2-0: Called Strike 2-1: Ball 3-1: Ground out 5-3 (Groundball, 5L)
|
Batting: RHB Johnny Hawson
|
0-0: Foul Ball, location: 2F 0-1: Ball 1-1: Foul Ball, location: 2F 1-2: Ball 2-2: Ball 3-2: Foul Ball, location: 2F 3-2: SINGLE (Line Drive, 34)
|
Batting: RHB Cordell Grady
|
0-0: Ball 1-0: Ball 2-0: Ball 3-0: Called Strike 3-1: Swinging Strike 3-2: Strikes out swinging
|
Bottom of the 5th over - 3 run(s), 4 hit(s), 0 error(s), 1 left on base; Iowa 4 - Kansas 4 |
TOP OF THE 6TH |
Iowa Hawkeyes batting - Pitching for Kansas Jayhawks : LHP Lyle Quick
|
Batting: RHB Juan Escalante
|
0-0: Ball 1-0: Called Strike 1-1: Called Strike 1-2: Foul Ball, location: 2F 1-2: Foul Ball, location: 2F 1-2: Ground out 6-3 (Groundball, 56)
|
Batting: RHB Jim Jones
|
0-0: Called Strike 0-1: Ball 1-1: Ball 2-1: Ball 3-1: Called Strike 3-2: Foul Ball, location: 2F 3-2: Base on Balls
|
Batting: RHB Stephen Spence
|
0-0: Called Strike 0-1: Ball 1-1: Ball 2-1: Ball 3-1: Base on Balls Jim Jones to second
|
Batting: RHB Ed Nygaard
|
0-0: Ball 1-0: Ball 2-0: SINGLE (Line Drive, 8RS) Jim Jones to third Stephen Spence to second
|
Batting: RHB Miguel López
|
0-0: Ball 1-0: Swinging Strike 1-1: Swinging Strike 1-2: Strikes out swinging
|
Batting: RHB Jim Sharry
|
0-0: Called Strike 0-1: Foul Ball, location: 2F 0-2: Ball 1-2: Ground out 4-3 (Groundball, 4S)
|
Top of the 6th over - 0 run(s), 1 hit(s), 0 error(s), 3 left on base; Iowa 4 - Kansas 4 |
BOTTOM OF THE 6TH |
Kansas Jayhawks batting - Pitching for Iowa Hawkeyes : RHP Pedro Castillo
|
Batting: RHB Dave Warren
|
0-0: Called Strike 0-1: Ball 1-1: Ball 2-1: Ball 3-1: Base on Balls
|
Batting: RHB Jason Green
|
0-0: Ball 1-0: Ball 2-0: Ball 3-0: Base on Balls Dave Warren to second
|
Batting: LHB Tracy Bell
|
0-0: Foul Ball, location: 2F 0-1: Ball 1-1: Ball 2-1: SINGLE (Flyball, 7LS) Dave Warren to third Jason Green to second
|
Batting: RHB George Gardner
|
0-0: Foul Ball, location: 2F 0-1: Foul Ball, location: 2F 0-2: Foul Ball, location: 2F 0-2: Fly out, F8 (Flyball, 8LM) Runner from 3rd tags up, SCORES, no throw
|
Batting: LHB Francisco Blanco
|
0-0: Ball 1-0: Ball 2-0: Foul Ball, location: 2F 2-1: Ball 3-1: Base on Balls Jason Green to third Tracy Bell to second
|
Batting: RHB Robbie Jenkins
|
0-0: Fly out, F7 (Line Drive, 7) Runner from 3rd tags up, SCORES, no throw
|
Pitching: RHP Tony Hall
|
|
Batting: LHB Victor Stuart
|
0-0: Ball 1-0: Ball 2-0: SINGLE (Flyball, 7S) Tracy Bell to third Francisco Blanco to second Runner from 3rd tries for Home, SAFE, throw made home
|
Batting: RHB Johnny Hawson
|
0-0: Ball Francisco Blanco steals 3rd base Victor Stuart to second 1-0: Intentional Walk
|
Batting: RHB Cordell Grady
|
0-0: Ball 1-0: Ground out 6-3 (Groundball, 6S)
|
Bottom of the 6th over - 3 run(s), 2 hit(s), 0 error(s), 3 left on base; Iowa 4 - Kansas 7 |
TOP OF THE 7TH |
Iowa Hawkeyes batting - Pitching for Kansas Jayhawks : LHP Lyle Quick
|
Batting: RHB Rick Suárez
|
0-0: Foul Ball, location: 2F 0-1: Foul Ball, location: 2F 0-2: Strikes out looking
|
Batting: RHB Cory Thompson
|
0-0: Ball 1-0: Fly out, F8 (Flyball, 8RM)
|
Batting: RHB Kelsey Scott
|
0-0: Ball 1-0: Ball 2-0: Ball 3-0: Called Strike 3-1: Base on Balls
|
Batting: RHB Juan Escalante
|
0-0: Foul Ball, location: 2F 0-1: Ball 1-1: Swinging Strike 1-2: Foul Ball, location: 2F 1-2: Ball 2-2: Fly out, F3 (Popup, 3L)
|
Top of the 7th over - 0 run(s), 0 hit(s), 0 error(s), 1 left on base; Iowa 4 - Kansas 7 |
BOTTOM OF THE 7TH |
Kansas Jayhawks batting - Pitching for Iowa Hawkeyes : RHP Tony Hall
|
Batting: RHB Dave Warren
|
0-0: Ball 1-0: Ball 2-0: Foul Ball, location: 2F 2-1: Called Strike 2-2: Ball 3-2: SOLO HOME RUN (Flyball, 8LXD), Distance : 390 ft
|
Batting: RHB Jason Green
|
0-0: Ground out 6-3 (Groundball, 56)
|
Batting: LHB Tracy Bell
|
0-0: Foul Ball, location: 2F 0-1: Ball 1-1: Ball 2-1: Ball 3-1: Foul Ball, location: 2F 3-2: Ground out 3-1 (Groundball, 34S)
|
Batting: RHB George Gardner
|
0-0: Ball 1-0: Called Strike 1-1: Foul Ball, location: 2F 1-2: Ground out 6-3 (Groundball, 56)
|
Bottom of the 7th over - 1 run(s), 1 hit(s), 0 error(s), 0 left on base; Iowa 4 - Kansas 8 |
TOP OF THE 8TH |
Iowa Hawkeyes batting - Pitching for Kansas Jayhawks : LHP Lyle Quick
|
Batting: RHB Jim Jones
|
0-0: Foul Ball, location: 2F 0-1: Foul Ball, location: 2F 0-2: Ball 1-2: Foul Ball, location: 2F 1-2: DOUBLE (Line Drive, 89D)
|
Batting: RHB Stephen Spence
|
0-0: Swinging Strike 0-1: Foul Ball, location: 2F 0-2: Strikes out swinging
|
Batting: RHB Ed Nygaard
|
0-0: Ball 1-0: Ball 2-0: Foul Ball, location: 2F 2-1: Ball 3-1: Called Strike 3-2: Fly out, F8 (Flyball, 89M)
|
Pitching: RHP Alberto Sánchez
|
|
Batting: RHB Miguel López
|
0-0: Ball 1-0: Called Strike 1-1: Foul Ball, location: 2F 1-2: Ball 2-2: Ball 3-2: Base on Balls
|
Batting: RHB Jim Sharry
|
0-0: Called Strike 0-1: Ball 1-1: Ball 2-1: Ball 3-1: Base on Balls Jim Jones to third Miguel López to second
|
Batting: RHB Rick Suárez
|
0-0: Ball 1-0: Called Strike 1-1: Fielders Choice at 2nd, 6-4 (Groundball, 56)
|
Top of the 8th over - 0 run(s), 1 hit(s), 0 error(s), 2 left on base; Iowa 4 - Kansas 8 |
BOTTOM OF THE 8TH |
Kansas Jayhawks batting - Pitching for Iowa Hawkeyes : RHP Tony Hall
|
Batting: LHB Francisco Blanco
|
0-0: Foul Ball, location: 2F 0-1: Foul Ball, location: 2F 0-2: Strikes out swinging, 2-3 out at first.
|
Batting: RHB Robbie Jenkins
|
0-0: Ball 1-0: Ball 2-0: Called Strike 2-1: Ball 3-1: Base on Balls
|
Batting: LHB Victor Stuart
|
0-0: Ball 1-0: Ball 2-0: Ball 3-0: Called Strike 3-1: Base on Balls Robbie Jenkins to second
|
Batting: RHB Johnny Hawson
|
0-0: Called Strike 0-1: Ball 1-1: Reached on error, E4 (Groundball, 4) Robbie Jenkins to third Victor Stuart to second
|
Batting: RHB Cordell Grady
|
0-0: Called Strike 0-1: Called Strike 0-2: Ball 1-2: Ball 2-2: Strikes out swinging
|
Batting: RHB Dave Warren
|
0-0: Foul Ball, location: 2F 0-1: Ball 1-1: Foul Ball, location: 2F 1-2: Ball 2-2: Ball 3-2: Foul Ball, location: 2F 3-2: Foul Ball, location: 2F 3-2: Base on Balls Robbie Jenkins scores Victor Stuart to third Johnny Hawson to second
|
Pitching: RHP Roberto Solís
|
|
Batting: RHB Jason Green
|
0-0: Ball 1-0: Ball 2-0: Swinging Strike 2-1: Foul Ball, location: 2F 2-2: Strikes out swinging
|
Bottom of the 8th over - 1 run(s), 0 hit(s), 1 error(s), 3 left on base; Iowa 4 - Kansas 9 |
TOP OF THE 9TH |
Iowa Hawkeyes batting - Pitching for Kansas Jayhawks : RHP Alberto Sánchez
|
Pitching: RHP Keith Feltham
|
|
Now at 2B: Mike Hill
|
|
Batting: RHB Cory Thompson
|
0-0: Ball 1-0: Ball 2-0: Ball 3-0: Called Strike 3-1: Base on Balls
|
Batting: RHB Kelsey Scott
|
0-0: Ball 1-0: Called Strike 1-1: Called Strike 1-2: Strikes out looking
|
Batting: RHB Juan Escalante
|
0-0: Ball 1-0: Called Strike 1-1: Fly out, F7 (Flyball, 78S)
|
Batting: RHB Jim Jones
|
0-0: Foul Ball, location: 2F 0-1: Fly out, F8 (Line Drive, 89M)
|
Top of the 9th over - 0 run(s), 0 hit(s), 0 error(s), 1 left on base; Iowa 4 - Kansas 9 |
|